 Dungeon Crawl Stone Soup version 0.22-a0-533-g4d20840 (webtiles) character file.

351 kae the Insei (level 6, -4/46 HPs)
             Began as a Demonspawn Transmuter on June 22, 2018.
             Was an Initiate of Okawaru.
             Slain by a centaur (8 damage)
             ... on level 5 of the Dungeon.
             The game lasted 00:05:07 (5856 turns).

kae the Insei (Demonspawn Transmuter)               Turns: 5856, Time: 00:05:08

Health: -4/46      AC:  2    Str: 10    XL:     6   Next: 34%
Magic:  7/10       EV: 19    Int: 15    God:    Okawaru [......]
Gold:   168        SH:  0    Dex: 20    Spells: 5/11 levels left

rFire    . . .     SeeInvis .     - Unarmed
rCold    . . .     Gourm    .   (shield currently unavailable)
rNeg     . . .     Faith    .   (armour currently unavailable)
rPois    x         Spirit   .   (helmet currently unavailable)
rElec    .         Reflect  .   (cloak currently unavailable)
rCorr    .         Harm     .   (gloves currently unavailable)
MR       .....                  (boots currently unavailable)
Stlth    ++........             (no amulet)
HPRegen  0.15/turn              (no ring)
MPRegen  0.12/turn              (no ring)

@: spider-form
A: tiny
a: End Transformation, Renounce Religion


You were on level 5 of the Dungeon.
You worshipped Okawaru.
Okawaru was noncommittal.
You were near starving.
You were a venomous arachnid creature.
You visited 1 branch of the dungeon, and saw 5 of its levels.
You also visited: Sewer.

You collected 210 gold pieces.
You spent 42 gold pieces at shops.

Inventory:

Missiles
 a - 65 arrows
Armour
 b - a +1 robe (melded)
Wands
 q - a wand of acid (12)
Scrolls
 c - 2 scrolls of remove curse
 g - 4 scrolls of teleportation
 h - 2 scrolls of fear
 k - a scroll of magic mapping
 l - 2 scrolls of amnesia
 p - a scroll of enchant armour
Potions
 e - a potion of lignification
 f - 5 potions of might
 i - a potion of ambrosia
 m - 2 potions of haste
 n - a potion of brilliance
 o - a potion of heal wounds
 r - a potion of curing
 s - 2 potions of flight {unknown}
Comestibles
 d - 6 rations


   Skills:
 + Level 2.5 Fighting
 - Level 1.7 Dodging
 * Level 4.3 Unarmed Combat
 + Level 3.0 Spellcasting
 * Level 3.9 Transmutations


You had 5 spell levels left.
You knew the following spells:

 Your Spells              Type           Power        Failure   Level  Hunger
a - Beastly Appendage     Tmut           ##....       13%         1    #......
b - Sticks to Snakes      Tmut           ##......     17%         2    ##.....
c - Spider Form           Tmut/Pois      #.........   47%         3    ###....

Your spell library contained the following spells:

 Spells                   Type           Power        Failure   Level  Hunger
 Blade Hands              Tmut           ##........   88%         5    ######.
 Ice Form                 Ice/Tmut       #.......     83%         4    #####..


Dungeon Overview and Level Annotations

Branches:
Dungeon (5/15)
 Temple: D:4-7

Altars:
Hepliaklqana
Makhleb
Okawaru
Trog

Shops:
D:5 !

Annotations:
D:4 Edmund


Innate Abilities, Weirdness & Mutations

((You have a pair of small antennae on your head.))
((You have sharp fingernails.))
((You have sharp toenails.))


Message History

A centaur is nearby!
A centaur is nearby!
A centaur is nearby!
Casting: Beastly Appendage (safe; 4% risk of failure)
Confirm with . or Enter, or press ? or * to list all spells.
You turn into a venomous arachnid creature.
Your +1 robe melds into your body.
The centaur shoots an arrow.
The arrow closely misses you.
The centaur shoots an arrow.
The arrow hits you!
* * * LOW HITPOINT WARNING * * *
A crimson imp comes into view.
The crimson imp shouts!
You see here 3 arrows.
The centaur unwields an uncursed shortbow.
The centaur hits you!
* * * LOW HITPOINT WARNING * * *
You hit the centaur.
The centaur is lightly wounded.
The centaur hits you!
You die...

# ##. ###
###...##.##
..5...cs..#
###...##(##
##. #.# #.#
#.# #.# #.#
#.# #.# #.#
#.# #.# #.#
#.# #.#


You could see a centaur and a crimson imp.

Vanquished Creatures
  A hound (D:4)
  Terence (D:3)
  2 worker ants (D:4)
  A hound skeleton (D:4)
  4 gnolls (D:3)
  3 adders
  5 river rats (Sewer)
  2 oozes
  2 worms
  3 dart slugs
  5 giant cockroaches
  2 goblins (D:1)
  3 hobgoblins
  2 jackals (D:2)
  7 kobolds
  2 quokkas
  5 ball pythons (Sewer)
  7 bats
  11 frilled lizards
  A giant cockroach zombie (D:4)
  7 rats
76 creatures vanquished.

Vanquished Creatures (collateral kills)
  A worker ant (D:4)
  3 adders
  A dart slug (D:2)
  2 hobgoblins
  A frilled lizard (Sewer)
  A rat (D:4)
9 creatures vanquished.

Grand Total: 85 creatures vanquished

Notes
Turn   | Place    | Note
-------+----------+-------------------------------------------
     0 | D:1      | kae the Demonspawn Transmuter began the quest for the Orb.
     0 | D:1      | Reached XP level 1. HP: 15/15 MP: 3/3
   310 | D:1      | Gained mutation: You have a pair of small antennae on your head. [demonic ancestry]
   310 | D:1      | Reached XP level 2. HP: 21/21 MP: 3/5
   376 | D:1      | Reached skill level 3 in Unarmed Combat
   548 | D:1      | Learned a level 2 spell: Sticks to Snakes
  1079 | D:1      | Gained mutation: You have sharp toenails. [demonic ancestry]
  1079 | D:1      | Reached XP level 3. HP: 17/26 MP: 6/6
  1489 | D:2      | Found a bloodstained altar of Trog.
  2017 | D:2      | Found an iron altar of Okawaru.
  2019 | D:2      | Found a burning altar of Makhleb.
  2578 | D:3      | Reached XP level 4. HP: 33/33 MP: 4/7
  2833 | D:2      | Became a worshipper of Warmaster Okawaru
  2925 | D:3      | Noticed Terence
  3179 | D:2      | Learned a level 3 spell: Spider Form
  3193 | D:3      | Killed Terence
  3855 | D:3      | Reached XP level 5. HP: 28/38 MP: 4/8
  4129 | D:4      | Found a glowing drain.
  4135 | D:4      | Reached skill level 4 in Unarmed Combat
  4265 | Sewer    | Entered a sewer
  5052 | Sewer    | Gained mutation: You have sharp fingernails. [demonic ancestry]
  5052 | Sewer    | Reached XP level 6. HP: 40/45 MP: 7/10
  5316 | D:4      | Noticed Edmund
  5354 | D:4      | Found a hazy altar of Hepliaklqana.
  5783 | D:5      | Entered Level 5 of the Dungeon
  5835 | D:5      | Found Fasmaa's Distillery.
  5839 | D:5      | Bought a potion of lignification for 42 gold pieces
  5856 | D:5      | Slain by a centaur

Vault maps used:
D:1:      sevenhm_arrival_forest_fort_large_3, serial_forest,
          infiniplex_forest_clump_tiny, infiniplex_forest_clump_medium,
          infiniplex_forest_clump_tiny, infiniplex_forest_corner_2,
          infiniplex_forest_end_double
D:2:      nicolae_overflow_hidden_temple
D:3:      first_ration, minivault_27, minmay_misc_feat_tower, uniq_terence
D:4:      old_standard_altar, portal_sewer_entry_b, uniq_edmund
D:5:      cheibrodos_thug_alley, temple_pool_b, serial_shops, nicolae_shop_stone
Sewer:    sewer_co_cracked_pipes

Skill      XL: |  1  2  3  4  5  6 |
---------------+-------------------+-----
Transmutations | 2 3 |  3.9
Unarmed Combat | 3 4 |  4.3
Fighting       | 2 |  2.5
Spellcasting   | 3 |  3.0
Dodging        | |  1.7

Action                   |  1- 3 |  4- 6 || total
-------------------------+-------+-------++-------
Melee: Unarmed           |   118 |   154 ||   272
       Kick              |    21 |    21 ||    42
       Punch             |     2 |       ||     2
       Headbutt          |     1 |       ||     1
 Cast: Beastly Appendage |     8 |       ||     8
       Sticks to Snakes  |     8 |     9 ||    17
       Spider Form       |       |    11 ||    11
  Use: Scroll            |     3 |    10 ||    13
       Potion            |       |     5 ||     5
 Stab: Distracted        |     2 |       ||     2
       Sleeping          |       |     5 ||     5
  Eat: Chunk             |     6 |     7 ||    13
       Ration            |       |     1 ||     1
Armor: Robe              |    35 |    18 ||    53
       Skin              |       |     2 ||     2
Dodge: Dodged            |    91 |   114 ||   205

Table legend:
 A = Spawn XP
 B = Non-spawn XP
 C = Spawn XP percentage of total XP
 D = Spawn monster count
 E = Non-spawn monster count
 F = Spawn count percentage of total count
 G = Total turns spent on level
                    A         B        C        D         E        F      G
               +---------+---------+-------+---------+---------+-------+---------
         Total |       0 |     502 |   0.0 |       0 |      85 |   0.0 |  5856
               +---------+---------+-------+---------+---------+-------+---------
           D:1 |       0 |      43 |   0.0 |       0 |      22 |   0.0 |  1342
           D:2 |       0 |      40 |   0.0 |       0 |      16 |   0.0 |  1217
           D:3 |       0 |     129 |   0.0 |       0 |      16 |   0.0 |  1426
           D:4 |       0 |     181 |   0.0 |       0 |      12 |   0.0 |   808
           D:5 |       0 |       2 |   0.0 |       0 |       1 |   0.0 |    73
         Sewer |       0 |     107 |   0.0 |       0 |      18 |   0.0 |   990
               +---------+---------+-------+---------+---------+-------+---------
